 Dungeon Crawl Stone Soup version 0.18.1-48-g4cf74bf (webtiles) character file.

35973 st0uf the Cleaver (level 13, -5/81 HPs)
             Began as a Minotaur Fighter on June 26, 2016.
             Was a Priest of Qazlal.
             Slain by a cacodemon (8 damage)
             ... on level 3 of the Abyss.
             The game lasted 01:15:01 (13348 turns).

st0uf the Cleaver (Minotaur Fighter)               Turns: 13348, Time: 01:15:02

Health: -5/81      AC: 23    Str: 13 (14) XL:     13   Next: 50%
Magic:  12/12      EV:  9    Int: -3 (1)  God:    Qazlal [***...]
Gold:   170        SH:  0    Dex: 26      Spells: 0 memorised, 12 levels left

rFire  + + .     SeeInvis +     h - +6 broad axe (elec)
rCold  + . .     Gourm    .     n - +0 plate armour
rNeg   . . .     Faith    .     D - +4 shield {reflect}
rPois  +         Spirit   .     y - +1 hat
rElec  +         Dismiss  .     w - +2 cloak
rCorr  +         Reflect  +     M - +2 pair of gloves {Dex+3}
SustAt .         Harm     .     (no boots)
MR     .....     Rnd*Rage +     q - amulet of rage
Stlth  ..........               K - ring of protection from fire
                                Z - ring of Noon {rElec Str-2 Dex+7 SInv}

@: confused, resistant, non-regenerating, mildly diseased, slowed, lost
intelligence, very slow, not resistant to hostile enchantments, extremely
unstealthy
A: retaliatory headbutt, horns 2, berserk 2, blurry vision 3, deterioration 2,
dopey 2, frail 3, low mp 2, screaming 2, weak 2, no device heal 3, subdued magic
2, MP-powered wands
a: Upheaval, Elemental Force, Renounce Religion, Evoke Berserk Rage


You were on level 3 of the Abyss.
You worshipped Qazlal.
Qazlal was most pleased with you.
You were not hungry.

You visited 3 branches of the dungeon, and saw 16 of its levels.
You visited the Abyss 1 time.
You also visited: Labyrinth.

You collected 1721 gold pieces.
You spent 1551 gold pieces at shops.

Inventory:

Hand Weapons
 h - a +6 broad axe of electrocution (weapon)
 t - a +0 war axe of freezing
Armour
 n - a +0 plate armour (worn)
 w - a +2 cloak (worn)
 y - a +1 hat (worn)
 D - a +4 shield of reflection (worn)
 M - a +2 pair of gloves of dexterity (worn)
Jewellery
 o - an uncursed ring of ice
 q - an amulet of rage (around neck)
 v - an uncursed ring of positive energy
 K - a ring of protection from fire (right hand)
 L - an uncursed amulet of guardian spirit
 X - an uncursed amulet of faith
 Z - the ring of Noon (left hand) {rElec Str-2 Dex+7 SInv}
   (You found it in a labyrinth)

   [ring of see invisible]

   It affects your strength (-2).
   It affects your dexterity (+7).
   It insulates you from electricity.
   It lets you see invisible.
Wands
 c - a wand of hasting (3/9)
 m - a wand of acid (8/15)
 x - a wand of polymorph (12/24)
 I - a wand of flame (27/48)
 O - a wand of iceblast (0/15)
 Q - a wand of acid (9/15)
 W - a wand of flame (28/48)
 Y - a wand of confusion (30/48)
Scrolls
 a - 2 scrolls of teleportation
 b - a scroll of identify
 e - 6 scrolls of remove curse
 p - 3 scrolls of fog
 r - a scroll of blinking
 H - 2 scrolls of fear
 S - 2 scrolls of summoning
Potions
 d - 2 potions of might
 j - a potion of cancellation {unknown}
 k - 2 potions of haste
 l - 4 potions of brilliance
 s - 2 potions of resistance
 u - 2 potions of heal wounds
 z - 5 potions of curing
 A - a potion of flight
 B - a potion of agility
 C - 3 potions of magic
 F - a potion of beneficial mutation {unknown}
 G - 2 potions of invisibility {unknown}
 N - a potion of ambrosia {unknown}
Books
 g - a book of Changes

   Spells                             Type                      Level
   a - Beastly Appendage              Transmutation                1
   b - Sticks to Snakes               Transmutation                2
   c - Spider Form                    Transmutation/Poison         3
   d - Ice Form                       Ice/Transmutation            4
   e - Blade Hands                    Transmutation                5
 P - a Fen Folio

   Spells                             Type                      Level
   a - Corpse Rot                     Necromancy                   2
   b - Stone Arrow                    Conjuration/Earth            3
   c - Leda's Liquefaction            Hexes/Earth                  4
   d - Summon Forest                  Summoning/Translocation      5
   e - Hydra Form                     Transmutation                6
   f - Summon Hydra                   Summoning                    7
Comestibles
 f - 3 bread rations
 i - 4 meat rations
 E - a beef jerky
 J - 13 fruits
 R - a chunk of flesh
 T - a slice of pizza


   Skills:
 + Level 11.7 Fighting
 + Level 14.2 Axes
 + Level 11.0 Armour
 + Level 9.6 Dodging
 + Level 13.6 Shields
 * Level 5.7 Invocations


You had 12 spell levels left.
You didn't know any spells.

Dungeon Overview and Level Annotations

Branches:
Dungeon (14/15)            Temple (0/1) D:6            Lair (1/8) D:11
    Orc (2/2) D:9             Elf (0/3) Orc:2
 Vaults: D:13-14

Altars:
Ashenzari
Elyvilon
Gozag
Okawaru
Pakellas
Qazlal
Sif Muna
Trog
The Shining One

Shops:
D:5 (   D:6 (   Orc:2 [=(*

Annotations:
D:8 Joseph
D:14 Louise


Innate Abilities, Weirdness & Mutations

You reflexively headbutt those who attack you in melee.
You have a pair of horns on your head.
[You often lose your temper in combat.]
[Scrolls take you much longer to read.]
[Your body often deteriorates upon taking damage.]
[You are very dopey. (Int -4)]
[You are extremely frail (-30% HP).]
[Your magical capacity is very low (-20% MP).]
[You sometimes yell uncontrollably at your foes.]
[You are very weak. (Str -4)]
[Potions and wands cannot restore your health.]
[Your spells are easier to cast, but less powerful.]
[You expend magic power (3 MP) to strengthen your wands.]


Message History

You are confused.
The cacodemon hits you.
* * * LOW HITPOINT WARNING * * *
The cacodemon hits you!
* * * LOW HITPOINT WARNING * * *
A small abomination comes into view.
Unknown command.
Drink which item? (? for menu, Esc to quit)
You feel protected.
The small abomination moves out of view.
The cacodemon closely misses you. The cacodemon hits you.
* * * LOW HITPOINT WARNING * * *
A rakshasa comes into view. It is wielding a long sword.
The cacodemon hits you.
* * * LOW HITPOINT WARNING * * *
The cacodemon hits you.
* * * LOW HITPOINT WARNING * * *
The rakshasa weaves an illusion.
The cacodemon barely misses you. The cacodemon hits you!
You die...

.. ..... ..# ....
....# ###... ....
#.... .. .# #.#..
.... #.
...#....#### .$
.#. .#.
###...#R#.# (.
...# ####.X### .
.....#Λ##X.#3#2#
#.#### .. .##3##@#
.Λ#.*..###.3X#####
#...# .#.X.#
#.....# ..ww.#
.X....##..# # ..#3
...#*## .#.##. ..#
.# . .#.##..
........#.


You could see a cacodemon, a tentacled starspawn and a rakshasa.

Vanquished Creatures
  Donald (Orc:1)
  Maud (D:9)
  A stone giant (Orc:1)
  3 ettins (Orc:2)
  Josephine (D:14)
  A minotaur (Lab)
  Erolcha (D:8)
  A centaur warrior (D:12)
  Sonja (D:11)
  An unseen horror (Abyss:3)
  3 orc knights (D:9)
  A hill giant (D:10)
  An orc sorcerer (Orc:1)
  3 ugly things
  6 cyclopes (Orc:2)
  Maurice (D:9)
  A spiny frog (Lair:1)
  A gargoyle (D:10)
  Psyche (D:9)
  2 komodo dragons
  6 trolls
  3 slime creatures (D:14)
  A minotaur skeleton (Lab)
  The ghost of Malvoorn the Magician, an amateur DrWz (D:4)
  Prince Ribbit (D:8)
  A two-headed ogre (D:11)
  Sigmund (D:3)
  Eustachio (D:6)
  2 wyverns
  A hungry ghost (Lab)
  5 wraiths
  7 yaks
  A basilisk (Lair:1)
  Grum (D:10)
  2 hippogriffs
  The ghost of Malvoorn the Magician, an amateur DrWz (D:5)
  6 wargs
  A mottled dragon (D:12)
  4 water moccasins
  4 porcupines (Lair:1)
  5 ice beasts
  19 orc warriors
  4 sky beasts
  An eye of draining (D:10)
  2 wasps
  6 wolves
  2 phantoms
  10 centaurs
  A necrophage (D:9)
  17 ogres
  4 crocodiles (Lair:1)
  8 giant frogs
  A gnoll sergeant (D:8)
  3 wyvern skeletons
  5 scorpions
  13 killer bees
  7 howler monkeys
  8 wights
  3 centaur zombies
  5 crimson imps
  A wasp zombie (D:9)
  5 hounds
  3 jellies (D:9)
  Crazy Yiuf (D:7)
  A centaur skeleton (D:10)
  17 orc priests
  Jessica (D:2)
  4 iguanas
  24 orc wizards
  6 worker ants
  A hound zombie (D:7)
  2 worker ant zombies
  9 adders
  A howler monkey skeleton (D:7)
  12 gnolls
  10 river rats
  2 shadow imps
  An ooze (D:4)
  A worm (D:3)
  4 giant geckos
  71 orcs
  4 giant cockroaches
  3 goblins (D:1)
  8 hobgoblins
  16 jackals
  5 kobolds
  4 quokkas
  3 ball pythons
  21 bats
  A giant gecko skeleton (D:8)
  3 giant newts
  A jackal skeleton (D:4)
  A quokka skeleton (D:9)
  12 rats
  20 fungi
  4 plants
489 creatures vanquished.

Vanquished Creatures (collateral kills)
  A hydra (D:14)
  An orc (Orc:2)
2 creatures vanquished.

Vanquished Creatures (others)
  2 cyclopes (Orc:2)
  An ogre (Orc:2)
  2 orc wizards
  3 orcs
  8 fungi
  A plant (Lair:1)
  12 starspawn tentacles (Abyss:3)
  308 starspawn tentacle segments (Abyss:3)
337 creatures vanquished.

Grand Total: 828 creatures vanquished

Notes
Turn   | Place    | Note
--------------------------------------------------------------
     0 | D:1      | st0uf the Minotaur Fighter began the quest for the Orb.
     0 | D:1      | Reached XP level 1. HP: 19/19 MP: 0/0
     6 | D:1      | Noticed a worker ant
     6 | D:1      | Noticed an eight-headed hydra
     6 | D:1      | Noticed a polar bear
     6 | D:1      | Noticed a swamp worm
     6 | D:1      | Noticed a hound
   201 | D:1      | Reached XP level 2. HP: 27/27 MP: 1/1
   587 | D:2      | Reached XP level 3. HP: 19/33 MP: 2/2
   934 | D:2      | Noticed Jessica
   942 | D:2      | Killed Jessica
   942 | D:2      | Reached skill level 1 in Dodging
   993 | D:2      | Reached XP level 4. HP: 35/40 MP: 3/3
  1209 | D:3      | Noticed Sigmund
  1224 | D:3      | Killed Sigmund
  1224 | D:3      | Reached skill level 3 in Axes
  1224 | D:3      | Reached skill level 5 in Shields
  1224 | D:3      | Reached XP level 5. HP: 23/47 MP: 4/4
  1730 | D:3      | Reached XP level 6. HP: 53/53 MP: 5/5
  2045 | D:3      | Reached skill level 4 in Axes
  2147 | D:4      | Reached skill level 5 in Armour
  2256 | D:4      | Found a stormy altar of Qazlal.
  2284 | D:4      | Became a worshipper of Qazlal Stormbringer
  2318 | D:4      | Found an iron altar of Okawaru.
  2348 | D:4      | Reached skill level 5 in Fighting
  2362 | D:4      | Found a deep blue altar of Sif Muna.
  2376 | D:4      | Noticed Malvoorn's ghost (amateur DrWz)
  2392 | D:3      | Reached XP level 7. HP: 44/61 MP: 6/6
  2973 | D:4      | Found a bloodstained altar of Trog.
  3126 | D:5      | Entered Level 5 of the Dungeon
  3207 | D:5      | Reached skill level 5 in Axes
  3218 | D:5      | Noticed Malvoorn's ghost (amateur DrWz)
  3569 | D:5      | Killed Malvoorn's ghost
  3569 | D:5      | Reached XP level 8. HP: 45/70 MP: 7/7
  3717 | D:4      | Killed Malvoorn's ghost
  3972 | D:5      | Reached * piety under Qazlal
  4165 | D:5      | Found Koawnith's Weapon Shoppe.
  4377 | D:6      | Noticed Eustachio
  4448 | D:6      | Killed Eustachio
  4448 | D:6      | Reached skill level 6 in Axes
  4518 | D:6      | Found a staircase to the Ecumenical Temple.
  4797 | D:6      | Found Ozuff's Antique Weapon Shop.
  4805 | D:6      | Bought a runed broad axe for 112 gold pieces
  5079 | D:7      | Found a shattered altar of Ashenzari.
  5104 | D:7      | Found a glowing golden altar of the Shining One.
  5117 | D:7      | Found an opulent altar of Gozag.
  5146 | D:7      | Reached skill level 5 in Dodging
  5147 | D:7      | Reached XP level 9. HP: 70/78 MP: 8/8
  5177 | D:7      | Reached skill level 7 in Axes
  5229 | D:7      | Lost intelligence.
  5325 | D:7      | Found an oddly glowing altar of Pakellas.
  5444 | D:7      | Noticed Crazy Yiuf
  5450 | D:7      | Killed Crazy Yiuf
  5670 | D:8      | Reached ** piety under Qazlal
  5674 | D:8      | Noticed Joseph
  5780 | D:8      | Noticed Prince Ribbit
  5795 | D:8      | Killed Prince Ribbit
  5795 | D:8      | Reached skill level 8 in Axes
  6096 | D:8      | Noticed Erolcha
  6098 | D:8      | Killed Erolcha
  6098 | D:8      | Reached skill level 9 in Axes
  6098 | D:8      | Reached XP level 10. HP: 83/88 MP: 6/9
  6452 | D:9      | Noticed Psyche
  6462 | D:9      | Reached *** piety under Qazlal
  6468 | D:9      | Killed Psyche
  6621 | D:9      | Noticed Maurice
  6635 | D:9      | Killed Maurice
  6670 | D:9      | Reached skill level 10 in Shields
  6738 | D:9      | Reached skill level 10 in Axes
  6794 | D:9      | Found a staircase to the Orcish Mines.
  7022 | Orc:1    | Entered Level 1 of the Orcish Mines
  7022 | Orc:1    | Noticed Maud
  7024 | Orc:1    | Noticed an orc knight
  7026 | Orc:1    | Noticed an orc sorcerer
  7029 | Orc:1    | Noticed an orc knight
  7057 | D:10     | Entered Level 10 of the Dungeon
  7142 | D:10     | Noticed Grum
  7154 | D:10     | Killed Grum
  7154 | D:10     | Reached XP level 11. HP: 83/97 MP: 7/10
  7317 | D:10     | Noticed a hill giant
  7322 | D:10     | Killed a hill giant
  7322 | D:10     | Reached **** piety under Qazlal
  7527 | D:10     | Found a white marble altar of Elyvilon.
  7690 | D:11     | Reached skill level 11 in Axes
  7710 | D:11     | Noticed Sonja
  7722 | D:11     | Noticed a brown ugly thing
  7735 | D:11     | Killed a brown ugly thing
  8146 | D:11     | Reached ***** piety under Qazlal
  8168 | D:11     | Killed Sonja
  8291 | D:11     | Found a staircase to the Lair.
  8346 | D:11     | Noticed a green ugly thing
  8352 | D:11     | Killed a green ugly thing
  8766 | Lair:1   | Entered Level 1 of the Lair of Beasts
  8772 | Lair:1   | Reached skill level 10 in Fighting
  8815 | Lair:1   | Reached skill level 12 in Axes
  8884 | Lair:1   | Found a labyrinth entrance.
  8891 | Lab      | Entered a labyrinth
  9048 | Lab      | Noticed a minotaur
  9053 | Lab      | Killed a minotaur
  9053 | Lab      | Reached XP level 12. HP: 93/106 MP: 9/11
  9062 | Lab      | Got a shimmering brass ring
  9076 | Lab      | Got a smoking glaive
  9084 | Lair:1   | Identified the ring of Noon {rElec Str-2 Dex+7 SInv} (You found it in a labyrinth)
  9097 | Lair:1   | Identified the +5 glaive "Hameasteg" {vamp, Fragile MR+++ Str-5 Dex+7} (You found it in a labyrinth)
  9360 | Lair:1   | Reached skill level 1 in Invocations
 10092 | D:9      | Killed Maud
 10092 | D:9      | Reached skill level 10 in Armour
 10389 | Orc:1    | Paralysed by an orc sorcerer for 7 turns
 10713 | Orc:1    | Reached ****** piety under Qazlal
 11106 | Orc:2    | Entered Level 2 of the Orcish Mines
 11106 | Orc:2    | Found Apagacs's Antique Armour Boutique.
 11106 | Orc:2    | Noticed a stone giant
 11116 | Orc:2    | Noticed Donald
 11258 | Orc:1    | Killed a stone giant
 11258 | Orc:1    | Reached skill level 13 in Axes
 11258 | Orc:1    | Killed Donald
 11314 | Orc:2    | Noticed an ettin
 11323 | Orc:2    | Killed an ettin
 11358 | Orc:2    | Bought a heavily runed ring mail for 252 gold pieces
 11358 | Orc:2    | Bought a runed hat for 112 gold pieces
 11358 | Orc:2    | Bought a translucent chain mail for 266 gold pieces
 11358 | Orc:2    | Bought a pair of embroidered gloves for 126 gold pieces
 11368 | Orc:2    | Identified the +1 ring mail of the Maze {rElec Stlth+} (You bought it in a shop on level 2 of the Orcish Mines)
 11379 | Orc:2    | Identified the +1 chain mail "Acuot" {SInv} (You bought it in a shop on level 2 of the Orcish Mines)
 11385 | Orc:2    | Reached XP level 13. HP: 92/116 MP: 15/15
 11433 | Orc:2    | Found Cagasug's Jewellery Shop.
 11467 | Orc:2    | Noticed an ettin
 11475 | Orc:2    | Killed an ettin
 11507 | Orc:2    | Found a staircase to the Elven Halls.
 11550 | Orc:2    | Noticed an ettin
 11559 | Orc:2    | Killed an ettin
 11579 | Orc:2    | Reached skill level 5 in Invocations
 11581 | Orc:2    | Found Avaepefa's General Store.
 11590 | Orc:2    | Bought a scroll of identify for 32 gold pieces
 11593 | Orc:2    | Found Lulil's Antique Weapon Shop.
 11684 | Orc:2    | Found an iron altar of Okawaru.
 12139 | Orc:1    | Reached skill level 14 in Axes
 12394 | Orc:2    | Bought a glowing hand axe for 93 gold pieces
 12394 | Orc:2    | Bought a crude hand axe for 248 gold pieces
 12399 | Orc:2    | Identified the +7 hand axe "Zosonku" {vamp, +Inv rPois Int+4} (You bought it in a shop on level 2 of the Orcish Mines)
 12403 | Orc:2    | Bought a runed executioner's axe for 310 gold pieces
 13072 | D:12     | You fall through a shaft for 2 floors!
 13168 | D:14     | Noticed Josephine
 13176 | D:14     | Killed Josephine
 13215 | D:14     | Noticed Louise
 13230 | D:14     | Cast into level 3 of the Abyss (Louise)
 13262 | Abyss:3  | Noticed a lorocyproca
 13291 | Abyss:3  | Noticed a white very ugly thing
 13297 | Abyss:3  | Found a shadowy altar of Dithmenos.
 13320 | Abyss:3  | Noticed a tentacled starspawn
 13320 | Abyss:3  | Lost intelligence.
 13331 | Abyss:3  | Noticed a tentacled starspawn
 13342 | Abyss:3  | Noticed a cacodemon
 13348 | Abyss:3  | HP: 3/81 [cacodemon (2)]
 13348 | Abyss:3  | Slain by a cacodemon

Skill      XL: |  1  2  3  4  5  6  7  8  9 10 11 12 13 |
---------------+----------------------------------------+-----
Shields        | 4 5 6 7 9 10 11 12 13 | 13.6
Armour         | 4 5 6 7 8 9 10 11 | 11.0
Fighting       | 4 5 6 8 9 10 11 | 11.7
Dodging        | 1 2 3 4 5 6 7 8 9 |  9.6
Axes           | 3 4 5 6 9 10 12 13 14 | 14.2
Invocations    | 4 5 |  5.7

Action                   |  1- 3 |  4- 6 |  7- 9 | 10-12 | 13-15 || total
-------------------------+-------+-------+-------+-------+-------++-------
Melee: War axe           |    70 |   108 |   198 |       |       ||   376
       Headbutt          |     6 |    14 |    67 |   112 |    33 ||   232
       Broad axe         |       |       |   115 |   466 |   134 ||   715
Invok: Elemental Force   |       |       |       |       |     4 ||     4
Evoke: Wand              |       |       |       |       |     1 ||     1
  Use: Scroll            |       |       |     1 |    26 |     1 ||    28
       Potion            |       |       |       |     1 |     1 ||     2
 Stab: Distracted        |       |       |       |       |     2 ||     2
  Eat: Chunk             |       |     5 |    11 |    17 |     3 ||    36
       Beef jerky        |       |       |     1 |       |     1 ||     2
       Meat ration       |       |       |       |     1 |     1 ||     2
       Fruit             |       |       |       |       |     1 ||     1
Armor: Scale mail        |    32 |    38 |    63 |    97 |       ||   230
       Plate armour      |       |       |       |     8 |    39 ||    47
Dodge: Dodged            |    23 |    44 |    70 |   156 |    45 ||   338
       Deflected         |       |       |       |    10 |     1 ||    11
Block: Shield            |    36 |    73 |   171 |   410 |   203 ||   893
       Reflection        |       |       |       |     7 |    14 ||    21
